 Dungeon Crawl Stone Soup version 0.19-a0-1922-g1e9a4c1 (webtiles) character file.

32 Kaname the Digger (level 3, -1/24 HPs)
             Began as a Demonspawn Earth Elementalist on Oct 24, 2016.
             Slain by an adder (2 damage)
             ... on level 2 of the Dungeon.
             The game lasted 00:03:51 (1600 turns).

Kaname the Digger (Demonspawn Earth Elementalist)   Turns: 1600, Time: 00:03:52

Health: -1/24      AC:  2    Str:  8    XL:     3   Next: 10%
Magic:  4/6        EV: 12    Int: 17    God:
Gold:   80         SH:  0    Dex: 13    Spells: 2 memorised, 3 levels left

rFire  . . .     SeeInvis .     a - +0 dagger
rCold  . . .     Gourm    .     c - +0 robe
rNeg   . . .     Faith    .     (no shield)
rPois  .         Spirit   .     (no helmet)
rElec  .         Reflect  .     (no cloak)
rCorr  .         Harm     .     (no gloves)
MR     .....                    (no boots)
Stlth  ++........               (no amulet)
                                (no ring)
                                h - ring of flight

@: no status effects
A: claws 1, rot immunity
a: Evoke Flight


You were on level 2 of the Dungeon.
You were not hungry.

You visited 1 branch of the dungeon, and saw 2 of its levels.

You collected 80 gold pieces.

Inventory:

Hand Weapons
 a - a +0 dagger (weapon)
Missiles
 b - 49 stones (quivered)
Armour
 c - a +0 robe (worn)
Jewellery
 h - a ring of flight (left claw)
Scrolls
 i - a scroll of remove curse {unknown}
Potions
 j - 2 potions of curing {unknown}
Books
 e - a book of Geomancy

   Spells                             Type                      Level
   a - Sandblast                      Earth                        1
   b - Passwall                       Transmutation/Earth          2
   c - Stone Arrow                    Conjuration/Earth            3
   d - Petrify                        Transmutation/Earth          4
   e - Lee's Rapid Deconstruction     Earth                        5
Comestibles
 d - a bread ration
 f - 2 beef jerkies
 g - a chunk of flesh


   Skills:
 - Level 1.7 Dodging
 - Level 1.7 Stealth
 - Level 2.0 Spellcasting
 - Level 0.8 Transmutations
 + Level 3.9 Earth Magic


You had 3 spell levels left.
You knew the following spells:

 Your Spells              Type           Power        Failure   Level  Hunger
a - Sandblast             Erth           ##....       4%          1    #......
b - Passwall              Tmut/Erth      #.........   14%         2    ###....


Dungeon Overview and Level Annotations

Branches:
Dungeon (2/15)

Altars:


Innate Abilities, Weirdness & Mutations

You have sharp fingernails.
You are immune to rotting.


Message History

You feel sick.
A bat comes into view.
A bat is nearby!
A bat is nearby!
A bat is nearby!
A bat is nearby!
You feel sick.
You are no longer poisoned.
The bat barely misses you.
An adder comes into view.
The bat hits you but does no damage. The bat hits you but does no damage.
The bat barely misses you. The adder bites you.
* * * LOW HITPOINT WARNING * * *
The bat closely misses you. The adder barely misses you.
The adder bites you but does no damage. The bat barely misses you.
The bat hits you but does no damage. The bat hits you.
* * * LOW HITPOINT WARNING * * *
The adder barely misses you. The adder bites you.
You die...

#.#####
.....#######...
).##.#b@......#
#.##...S#####..
#.##$.#....#
#.##.#####..#
#######.?#.#
...
#..........# #
#........<##
#.......#.#
####.####..#


You could see an adder and a bat.

Vanquished Creatures
  An adder (D:2)
  2 giant cockroaches (D:1)
  4 goblins (D:1)
  3 hobgoblins (D:1)
  6 bats (D:1)
  3 frilled lizards (D:1)
  2 kobolds (D:1)
  3 rats (D:1)
24 creatures vanquished.

Notes
Turn   | Place    | Note
-------+----------+-------------------------------------------
     0 | D:1      | Kaname the Demonspawn Earth Elementalist began the quest for the Orb.
     0 | D:1      | Reached XP level 1. HP: 13/13 MP: 3/3
   247 | D:1      | Reached skill level 3 in Earth Magic
   601 | D:1      | Gained mutation: You have sharp fingernails. [demonic ancestry]
   601 | D:1      | Reached XP level 2. HP: 11/19 MP: 0/5
   910 | D:1      | Learned a level 2 spell: Passwall
  1575 | D:2      | Gained mutation: You are immune to rotting. [demonic ancestry]
  1575 | D:2      | Reached XP level 3. HP: 11/24 MP: 2/6
  1600 | D:2      | HP: 1/24 [bat (1)]
  1600 | D:2      | Slain by an adder

Vault maps used:
D:1:      mrwooster_arrival_arrow
D:2:      lemuel_crystal_altar, ecumenical_altar_1

Skill      XL: |  1 |
---------------+----+-----
Earth Magic    | 3 |  3.9
Dodging        | |  1.7
Stealth        | |  1.7
Spellcasting   | |  2.0
Transmutations | |  0.8

Action                   || total
-------------------------++-------
Melee: Dagger            ||    88
       Unarmed           ||     2
 Cast: Sandblast         ||    27
  Use: Scroll            ||     1
 Stab: Sleeping          ||     1
  Eat: Chunk             ||     3
Armor: Robe              ||    28
Dodge: Dodged            ||    68
